Map: 워터폴

Players

Bunny

  • Race: Terran Terran
  • Spawn Location: 1:00

Cure - Winner!

  • Race: Terran Terran
  • Spawn Location: 7:00

Event: DreamHack SC2 Masters 2022 Atlanta (Offline)

VOD

Have the link to the VOD?

Description

Time

  • Played on: Nov. 18, 2022, 7:13 p.m.
  • Length: 13:45

All games in this series

Show
View Real Time Build Order
Export as new Build Order

Bunny Terran 

Build Orders:  

Get SALT Encoding   

  12  0:00  SCV  
  13  0:12  SCV  
  14  0:17  Supply Depot  
  14  0:24  SCV  
  15  0:38  SCV  
  15  0:40  Barracks  
  16  0:42  Refinery  
  16  0:50  SCV  
  16  0:52  Refinery  
  17  1:02  SCV  
  18  1:15  SCV  
  19  1:27  Reaper, Orbital Command  
  19  1:29  Supply Depot  
  20  1:43  Factory  
  20  1:52  SCV  
  21  1:59  Reaper  
  22  2:04  SCV  
  23  2:16  SCV  
  24  2:22  Command Center  
  24  2:28  Hellion  
  26  2:30  SCV  
  26  2:34  Reaper  
  28  2:41  Supply Depot  
  28  2:42  SCV  
  29  2:50  Widow Mine  
  31  2:55  Starport  
  31  3:03  SCV  
  32  3:07  Barracks Reactor  
  32  3:12  Factory Tech Lab  
  32  3:15  SCV  
  33  3:27  SCV  
  33  3:31  Cyclone, Starport Tech Lab  
  37  3:35  Orbital Command  
  37  3:37  Refinery  
  37  3:39  SCV  
  38  3:44  Marine  
  38  3:45  Marine  
  40  3:50  Raven  
  40  3:51  SCV  
  43  4:01  SCV  
  43  4:02  Marine x2  
  44  4:03  SCV  
  44  4:04  Supply Depot  
  44  4:09  Siege Tank  
  50  4:13  SCV  
  50  4:15  SCV  
  52  4:20  Marine  
  52  4:21  Supply Depot, Marine  
  54  4:26  SCV  
  54  4:27  SCV  
  56  4:34  Raven  
  56  4:38  SCV  
  57  4:39  SCV  
  53  4:50  SCV  
  53  4:51  SCV  
  46  4:59  Marine x2  
  42  5:03  SCV, Siege Tank  
  42  5:04  SCV  
  47  5:15  SCV  
  47  5:16  SCV  
  47  5:20  Command Center  
  49  5:27  SCV, Viking  
  49  5:28  SCV  
  53  5:29  Viking  
  55  5:36  Siege Tank  
  55  5:37  Marine  
  55  5:39  SCV  
  60  5:50  SCV  
  60  5:51  SCV  
  62  5:57  Supply Depot  
  62  5:58  Refinery, Viking  
  62  6:00  Viking  
  62  6:03  Marine  
  67  6:05  SCV  
  67  6:06  SCV  
  69  6:12  Supply Depot  
  69  6:18  Siege Tank  
  69  6:21  SCV x2  
  74  6:28  Liberator  
  77  6:34  Viking, Orbital Command  
  77  6:35  SCV  
  75  6:48  Marine  
  70  6:57  Siege Tank  
  70  7:00  SCV x3  
  67  7:04  Viking  
  67  7:05  Marine  
  67  7:08  Barracks x2  
  70  7:11  Viking  
  70  7:14  SCV x3  
  75  7:16  Stimpack  
  75  7:24  Engineering Bay x2  
  75  7:25  Marine  
  75  7:29  Siege Tank  
  79  7:32  SCV x3  
  79  7:34  Viking  
  84  7:41  Viking  
  86  7:48  SCV x3  
  87  7:54  Marine  
  87  7:57  Barracks Reactor  
  87  7:58  Barracks Reactor  
  88  7:59  Terran Infantry Weapons Level 1  
  88  8:00  Refinery  
  88  8:02  Refinery  
  88  8:04  SCV x3, Viking  
  93  8:08  Barracks  
  93  8:09  Barracks  
  93  8:11  Viking  
  93  8:12  Marine  
  93  8:16  SCV x3  
  93  8:18  Siege Tank  
  99  8:27  Supply Depot  
  99  8:28  SCV x2  
  99  8:29  Terran Infantry Armor Level 1  
  99  8:33  Supply Depot x2, SCV  
  99  8:41  Marine x5  
  99  8:44  Viking  
  106  8:51  Sensor Tower, Siege Tank  
  106  8:53  SCV x2  
  106  8:54  SCV  
  112  8:55  Barracks Reactor  
  112  8:57  Barracks Reactor  
  112  8:59  Combat Shield  
  112  9:10  Supply Depot, Viking  
  112  9:14  Viking  
  116  9:17  Marine x5  
  116  9:22  Armory  
  116  9:23  Siege Tank  
  124  9:33  Marine x3  
  124  9:34  Marine  
  124  9:35  Marine x4  
  115  9:46  Medivac x2  
  115  9:50  Marine  
  115  9:51  Command Center, Marine x4  
  103  9:56  Siege Tank  
  101  10:03  SCV x3  
  101  10:04  Marine x2  
  105  10:08  Marine x3  
  105  10:09  Marine x4  
  112  10:15  Liberator, SCV x2  
  112  10:16  Liberator  
  120  10:21  Marine  
  120  10:22  Marine  
  120  10:26  Marine x3  
  120  10:27  Marine  
  120  10:28  Siege Tank  
  129  10:37  Marine x3  
  129  10:39  Marine x2  
  129  10:40  SCV  
  129  10:41  SCV  
  137  10:42  SCV  
  137  10:44  Marine  
  130  10:57  Marine x6  
  130  11:00  Siege Tank  
  130  11:04  Medivac x2  
  135  11:13  Marine x3  
  135  11:15  Marine x3  
  131  11:26  Marine x3  
  131  11:30  Marine  
  131  11:31  Marine x2  
  137  11:32  Marine  
  137  11:33  Marine  
  137  11:34  Viking  
  141  11:42  Viking  
  137  11:47  Marine x4  
  141  12:00  Supply Depot  
  141  12:10  Medivac, Marine x2  
  141  12:12  Medivac  
  141  12:14  Siege Tank  
  140  12:18  Marine  
  140  12:21  Marine x6  
  147  12:25  Supply Depot  
  147  12:28  Marine x2  
  149  12:36  Marine  
  147  12:40  Viking  
  147  12:42  Viking, Marine x3  
  154  12:46  Siege Tank  
  157  12:56  Marine x5  
  157  12:57  Marine  
  163  13:00  Marine x2  
  163  13:01  Marine  
  162  13:14  Marine x3  
  165  13:28  Supply Depot  
  165  13:29  Supply Depot  
  165  13:31  Supply Depot  
Show
View Real Time Build Order
Export as new Build Order

Cure Terran - Winner!

Build Orders:  

Get SALT Encoding   

  12  0:00  SCV  
  13  0:12  SCV  
  14  0:17  Supply Depot  
  14  0:24  SCV  
  15  0:38  SCV  
  15  0:39  Barracks  
  16  0:43  Refinery  
  16  0:50  SCV  
  16  0:52  Refinery  
  17  1:02  SCV  
  18  1:14  SCV  
  19  1:26  Reaper  
  19  1:27  Orbital Command  
  19  1:29  Supply Depot  
  20  1:40  Factory  
  20  1:52  SCV  
  21  1:59  Barracks Reactor  
  21  2:04  SCV  
  22  2:16  Command Center  
  22  2:19  SCV  
  23  2:25  Hellion  
  25  2:31  SCV  
  25  2:36  Reaper x2  
  28  2:39  Supply Depot  
  28  2:43  SCV  
  29  2:47  Hellion  
  31  2:58  Starport  
  31  3:01  SCV  
  32  3:08  Reaper x2  
  32  3:10  Hellion  
  36  3:13  SCV  
  36  3:19  Refinery  
  37  3:25  SCV  
  38  3:27  Orbital Command  
  40  3:35  Medivac  
  40  3:37  SCV  
  40  3:40  Reaper x2  
  43  3:44  Hellion  
  45  3:49  SCV  
  45  3:52  Supply Depot  
  45  3:53  SCV  
  47  4:01  SCV  
  48  4:05  SCV  
  48  4:06  Factory Tech Lab, Starport Tech Lab  
  48  4:07  Supply Depot  
  49  4:12  Marine x2  
  49  4:16  SCV  
  52  4:17  SCV  
  53  4:24  Cyclone, Raven  
  53  4:29  Supply Depot  
  58  4:33  SCV x2  
  60  4:41  Marine x2  
  60  4:45  SCV x2  
  54  4:57  SCV x2  
  54  4:59  Marine x2  
  57  5:03  Siege Tank  
  54  5:09  SCV x2  
  54  5:11  Raven  
  54  5:13  Command Center  
  58  5:17  Marine x2  
  58  5:18  Refinery  
  60  5:23  SCV x2  
  60  5:28  Supply Depot  
  62  5:35  SCV x2, Marine x2  
  66  5:37  Siege Tank  
  69  5:47  SCV x2  
  72  5:59  Barracks  
  72  6:00  Barracks, SCV x2  
  72  6:02  Supply Depot  
  72  6:04  Viking x2, Marine  
  72  6:05  Stimpack  
  72  6:09  Siege Tank  
  80  6:12  SCV x2  
  82  6:24  SCV x2  
  84  6:28  Engineering Bay x2  
  84  6:30  Orbital Command, Marine  
  85  6:45  SCV x2  
  82  6:48  Siege Tank  
  82  6:50  Viking x2  
  82  6:51  Barracks Reactor x2  
  79  6:55  Marine  
  79  6:56  SCV  
  79  6:57  SCV  
  78  7:04  Terran Infantry Armor Level 1, Terran Infantry Weapons Level 1  
  78  7:05  Orbital Command  
  78  7:12  Marine  
  78  7:15  SCV x2, Barracks  
  81  7:18  Barracks  
  81  7:20  Siege Tank  
  83  7:27  SCV x2, Viking  
  83  7:29  Marine x4  
  91  7:33  Marine  
  92  7:39  SCV x2  
  92  7:41  Orbital Command  
  95  7:44  Refinery, Combat Shield  
  95  7:46  Refinery  
  95  7:49  Marine x4  
  95  7:50  Marine  
  97  7:55  Viking, Siege Tank  
  99  7:59  SCV x2  
  99  8:08  SCV  
  99  8:09  Barracks Reactor x2  
  99  8:10  Marine x4  
  99  8:11  SCV x2  
  70  8:12  Medivac  
  108  8:21  Marine  
  109  8:30  Supply Depot  
  109  8:31  SCV x3, Medivac, Marine x3  
  117  8:44  Supply Depot  
  117  8:45  Supply Depot  
  117  8:51  Siege Tank, Marine x5  
  117  8:54  Supply Depot x2  
  117  8:55  Armory  
  125  9:05  Medivac x2, Marine  
  125  9:06  SCV x3  
  133  9:10  Refinery  
  133  9:12  Supply Depot  
  133  9:14  Sensor Tower, Marine  
  136  9:20  Supply Depot  
  134  9:26  Command Center  
  134  9:27  Barracks Reactor  
  134  9:29  Siege Tank  
  136  9:32  Marine x5  
  136  9:37  Marine x2  
  136  9:38  Marine  
  139  9:44  Viking  
  136  9:49  Marine x2  
  136  9:50  Marine x3  
  133  9:55  Marine x3  
  135  10:04  Siege Tank  
  135  10:06  Viking  
  130  10:07  Marine x4  
  130  10:08  Marine  
  130  10:13  Terran Infantry Weapons Level 2, Marine  
  130  10:14  Viking  
  141  10:16  Terran Infantry Armor Level 2  
  141  10:19  Terran Vehicle Weapons Level 1  
  138  10:25  Marine x5  
  143  10:33  Factory  
  143  10:36  Viking, Siege Tank  
  143  10:41  SCV x3  
  150  10:53  Marine x2  
  150  10:54  Marine x6  
  147  10:58  Viking  
  148  11:06  Viking  
  148  11:08  Marine x2  
  142  11:11  Marine x4  
  142  11:13  Siege Tank  
  138  11:18  SCV  
  138  11:19  SCV x2  
  140  11:27  Marine x2  
  140  11:28  Viking  
  140  11:30  Marine x2  
  140  11:31  Marine x6  
  148  11:36  Viking  
  145  11:44  Siege Tank  
  145  11:45  Siege Tank  
  145  11:46  SCV x3  
  149  11:47  Marine x2  
  149  11:48  Marine x2  
  153  11:58  Viking  
  153  11:59  Marine x6  
  161  12:03  Refinery  
  161  12:06  Viking  
  163  12:14  Refinery  
  163  12:15  Marine x4  
  161  12:16  Siege Tank  
  161  12:17  Marine x2  
  161  12:21  Siege Tank  
  169  12:28  Viking  
  165  12:30  Marine x4  
  165  12:32  Marine x2  
  165  12:33  Marine x2  
  165  12:36  Liberator  
  168  12:39  Marine x2  
  170  12:48  Marine x2  
  172  12:52  Supply Depot  
  172  12:53  Supply Depot  
  172  12:57  Command Center  
  172  13:01  Supply Depot x2  
  177  13:26  Marine x6  
Tags
 
Add a new tag
Caveats
  • Supply blocks, unpowered buildings, or Contaminate may cause inaccurate times.
  • Supply counts are checked every 10 seconds.